 Dungeon Crawl Stone Soup version 0.19.0-24-gb05acd6 (webtiles) character file.

97475 grisgris the Unseen (level 15, 0/90 HPs)
             Began as a Vampire Enchanter on Nov 20, 2016.
             Was the Champion of Hepliaklqana.
             Succumbed to a spiny frog's poison
             ... on level 4 of the Lair of Beasts.
             The game lasted 01:43:37 (26119 turns).

grisgris the Unseen (Vampire Enchanter)            Turns: 26119, Time: 01:43:38

Health: 0/90       AC:  9    Str:  5    XL:     15   Next: 72%
Magic:  27/29      EV: 16    Int: 28    God:    Hepliaklqana [******]
Gold:   1336       SH:  0    Dex: 15    Spells: 5 memorised, 16 levels left

rFire  + + +     SeeInvis +     o - +7 dagger (elec)
rCold  + . .     Gourm    .     c - +2 robe {Archmagi}
rNeg   + . .     Faith    +     (no shield)
rPois  +         Spirit   .     (no helmet)
rElec  +         Reflect  .     w - +0 cloak
rCorr  +         Harm     .     a - +2 pair of gloves
MR     +....                    h - +0 pair of boots
Stlth  ++++++....               B - amulet of faith
                                M - ring of loudness (curse)
                                G - ring "Ofair" {rPois rF+++ Str-4 Int+4}

@: lethally poisoned (0 -> -1), resistant, very slightly contaminated, hasted,
very quick
A: reduced essence, fangs 3, see invisible, strong 1, unbreathing
a: Bat Form, Recall Ancestor, Ancestor Identity, Transference, Idealise,
Renounce Religion


You were on level 4 of the Lair of Beasts.
You worshipped Hepliaklqana.
Hepliaklqana was exalted by your worship.
You were not thirsty.

You visited 4 branches of the dungeon, and saw 23 of its levels.

You collected 1336 gold pieces.

Inventory:

Hand Weapons
 o - a +7 dagger of electrocution (weapon)
Armour
 a - a +2 pair of gloves (worn)
 b - a +2 robe
 c - a +2 robe of the Archmagi (worn)
 h - a +0 pair of boots (worn)
 w - a +0 cloak (worn)
Jewellery
 d - an uncursed ring of wizardry
 B - an amulet of faith (around neck)
 D - an uncursed ring of magical power
 G - the ring "Ofair" (left hand) {rPois rF+++ Str-4 Int+4}
   (You found it on level 12 of the Dungeon)

   [ring of poison resistance]

   It affects your strength (-4).
   It affects your intelligence (+4).
   It renders you almost immune to fire.
   It protects you from poison.
 M - a cursed ring of loudness (right hand)
 O - an uncursed ring of positive energy {unknown}
 P - a +4 amulet of reflection {unknown}
Wands
 i - a wand of iceblast (2/15)
Scrolls
 j - 4 scrolls of teleportation
 r - a scroll of fog
 s - 3 scrolls of recharging
 F - a scroll of brand weapon
 Q - a scroll of fear
Potions
 m - 3 potions of agility
 z - 3 potions of cure mutation
Books
 n - a book of Clouds

   Spells                             Type                      Level
   a - Mephitic Cloud                 Conjuration/Poison/Air       3
   b - Conjure Flame                  Conjuration/Fire             3
   c - Poisonous Cloud                Conjuration/Poison/Air       6
   d - Freezing Cloud                 Conjuration/Ice/Air          6
   e - Ring of Flames                 Charms/Fire                  7
 p - a book of Transfigurations

   Spells                             Type                      Level
   a - Irradiate                      Conjuration/Transmutation    5
   b - Statue Form                    Transmutation/Earth          6
   c - Hydra Form                     Transmutation                6
   d - Dragon Form                    Transmutation                7
 x - a book of Minor Magic

   Spells                             Type                      Level
   a - Magic Dart                     Conjuration                  1
   b - Blink                          Translocation                2
   c - Call Imp                       Summoning                    2
   d - Repel Missiles                 Charms/Air                   2
   e - Slow                           Hexes                        2
   f - Conjure Flame                  Conjuration/Fire             3
   g - Mephitic Cloud                 Conjuration/Poison/Air       3
 K - a book of Air

   Spells                             Type                      Level
   a - Shock                          Conjuration/Air              1
   b - Swiftness                      Charms/Air                   2
   c - Repel Missiles                 Charms/Air                   2
   d - Static Discharge               Conjuration/Air              3
   e - Lightning Bolt                 Conjuration/Air              5
 L - a book of Misfortune

   Spells                             Type                      Level
   a - Confusing Touch                Hexes                        1
   b - Confuse                        Hexes                        3
   c - Gell's Gravitas                Hexes/Translocation          3
   d - Petrify                        Transmutation/Earth          4
   e - Metabolic Englaciation         Hexes/Ice                    5
   f - Yara's Violent Unravelling     Hexes/Transmutation          5


   Skills:
 + Level 4.1 Fighting
 + Level 7.2 Short Blades
 + Level 6.7 Dodging
 + Level 18.2 Stealth
   Level 1.0 Shields
 + Level 10.6 Spellcasting
 + Level 14.7 Hexes
 * Level 10.9 Charms
 + Level 6.0 Summonings
 * Level 6.1 Fire Magic
 + Level 7.1 Ice Magic
 + Level 3.0 Invocations


You had 16 spell levels left.
You knew the following spells:

 Your Spells              Type           Power        Failure   Level  Hunger
a - Ensorcelled Hibernat  Hex/Ice        ######       1%          2    None
b - Confuse               Hex            #######.     1%          3    None
c - Call Imp              Summ           ######..     1%          2    None
d - Ring of Flames        Chrm/Fire      #######...   89%         7    ######.
e - Metabolic Englaciati  Hex/Ice        #######...   1%          5    ###....


Dungeon Overview and Level Annotations

Branches:
Dungeon (14/15)            Temple (1/1) D:5            Lair (6/6) D:11
 Shoals (0/4) Lair:2       Spider (0/4) Lair:4        Slime (0/5) Lair:6
    Orc (2/2) D:11
    Elf: Orc:2       Vaults: D:13-14

Altars:
Ashenzari
Cheibriados
Dithmenos
Elyvilon
Fedhas
Gozag
Hepliaklqana
Kikubaaqudgha
Makhleb
Nemelex Xobeh
Okawaru
Qazlal
Ru
Sif Muna
Trog
Uskayaw
Vehumet
Xom
Yredelemnul
Zin
The Shining One

Shops:
D:5 (   D:8 }

Annotations:
D:14 dobroeutro's ghost, journeyman DsBe


Innate Abilities, Weirdness & Mutations

You have razor-sharp teeth.
You have supernaturally acute eyesight. (SInv)
You can survive without breathing.
Your life essence is reduced. (-10% HP)
Your muscles are strong. (Str +2)


Message History

You feel sick.
Yummy - fresh blood!
You feel protected.
* * * LOW HITPOINT WARNING * * *
You feel sick.
There is a lethal amount of poison in your body!
Okay, then.
Your magical effects are unravelling.
You feel magically purged.
Your resistance to elements expires.
* * * LOW HITPOINT WARNING * * *
You feel sick.
You feel protected.
* * * LOW HITPOINT WARNING * * *
You feel sick.
You feel yourself speed up.
You are very lightly contaminated with residual magic.
Yummy - fresh blood!
There is a lethal amount of poison in your body!
You die...

..R## #..## ####.### ..#####
##..########P##...# ....#.#
##...#.##P......## ...#.##
##...........#### ....##
#............# ...##
#########..........## ...#
#P..#P# #...........# ..##
##.....###...........#
...###.......##.@%........##
...............PP#.........##
#............P.P............##
#P...........................##
####...........##............P#
#P............##P..........##
##...........######........#
#...........# ##.......##
###.........# #........#


There were no monsters in sight!

Vanquished Creatures
  Rupert (D:13)
  2 dire elephants (Lair:6)
  4 hydras
  3 catoblepae
  A centaur warrior (D:11)
  Erica (D:8)
  6 death yaks
  A fire crab (Lair:6)
  An unseen horror (D:13)
  An orc knight (Orc:1)
  4 hill giants
  A wizard (Lair:6)
  2 manticores
  2 cyclopes
  2 ugly things
  7 elephants
  6 black mambas
  3 gargoyles
  13 spiny frogs
  5 rime drakes
  6 komodo dragons
  2 trolls
  16 polar bears
  A meliai (shapeshifter) (D:13)
  2 hornets
  A two-headed ogre (D:13)
  Grinder (D:5)
  5 dream sheep
  4 slime creatures
  16 hippogriffs
  A blink frog (Lair:2)
  6 wyverns
  A wraith (D:12)
  59 yaks
  5 basilisks
  Grum (D:8)
  2 hungry ghosts
  2 wargs (Orc:1)
  A mottled dragon (D:14)
  An insubstantial wisp (D:9)
  14 water moccasins
  4 porcupines
  13 orc warriors
  4 sky beasts
  A black bear (shapeshifter) (D:13)
  A black bear (D:11)
  3 ice beasts
  A phantom (D:9)
  5 necrophages (Lair:2)
  5 ogres
  13 wolves
  4 centaurs (D:14)
  11 crocodiles
  A big kobold (D:13)
  15 bullfrogs
  A wyvern zombie (D:8)
  A wyvern skeleton (D:8)
  4 scorpions
  12 killer bees
  13 wights
  4 howler monkeys
  5 crimson imps
  5 orc priests
  5 bullfrog skeletons
  6 hounds
  5 iguanas
  A jelly (D:11)
  Crazy Yiuf (D:3)
  Ijyb (D:3)
  3 hexers
  Natasha (thrice) (D:4)
  16 orc wizards
  6 hell rats (Lair:6)
  10 worker ants
  A hound zombie (D:5)
  A worker ant zombie (D:9)
  7 gnolls
  A howler monkey skeleton (D:5)
  16 adders
  5 shadow imps
  An ooze (D:3)
  6 adder skeletons
  A worm (D:3)
  A dart slug (D:2)
  A leopard gecko (D:5)
  64 orcs
  13 bats
  5 giant cockroaches
  8 goblins
  6 hobgoblins
  9 jackals
  9 kobolds
  5 quokkas
  3 ball pythons
  6 frilled lizards
  A jackal skeleton (D:5)
  4 rats
570 creatures vanquished.

Vanquished Creatures (collateral kills)
  A hydra (Lair:4)
  2 spiny frogs
  A troll (Orc:1)
  A polar bear (Lair:4)
  2 yaks
  A steam dragon (D:9)
  An insubstantial wisp (D:9)
  A hell hound (Lair:6)
  A water moccasin (Lair:1)
  A porcupine (Lair:1)
  A sky beast (D:9)
  A black bear (D:7)
  A wolf (D:8)
  2 necrophages
  A crocodile (Lair:2)
  A bullfrog zombie (D:6)
  An orc priest (D:8)
  5 orc wizards
  An iguana (D:11)
  A hell rat (Lair:6)
  A worker ant (D:5)
  A hound skeleton (D:11)
  5 gnolls
  An adder (D:8)
  2 leopard geckos (D:7)
  15 orcs
  A jackal (D:7)
  A kobold (D:13)
  A quokka skeleton (D:8)
  A plant (Lair:6)
56 creatures vanquished.

Vanquished Creatures (others)
  21 hexers
  An ancestor (D:7)
  A bush (Lair:6)
  8 fungi
  4 plants
35 creatures vanquished.

Grand Total: 661 creatures vanquished

Notes
Turn   | Place    | Note
-------+----------+-------------------------------------------
     0 | D:1      | grisgris the Vampire Enchanter began the quest for the Orb.
     0 | D:1      | Reached XP level 1. HP: 13/13 MP: 3/3
    67 | D:1      | Reached XP level 2. HP: 8/19 MP: 0/5
   264 | D:1      | Reached skill level 5 in Hexes
   277 | D:1      | Learned a level 2 spell: Ensorcelled Hibernation
   793 | D:1      | Reached XP level 3. HP: 12/25 MP: 0/6
  1393 | D:2      | Reached skill level 5 in Stealth
  1444 | D:2      | Found a burning altar of Makhleb.
  1938 | D:3      | Found an opulent altar of Gozag.
  1998 | D:3      | Found an iron altar of Okawaru.
  2012 | D:3      | Reached XP level 4. HP: 27/31 MP: 4/7
  2228 | D:3      | Reached skill level 1 in Ice Magic
  2331 | D:3      | Noticed Ijyb
  2356 | D:3      | Paralysed by Ijyb for 7 turns
  2369 | D:3      | Paralysed by Ijyb for 2 turns
  2376 | D:3      | Paralysed by Ijyb for 4 turns
  2589 | D:3      | Found a runed door.
  2700 | D:3      | Learned a level 3 spell: Confuse
  2732 | D:3      | Reached skill level 6 in Stealth
  2802 | D:3      | Killed Ijyb
  2802 | D:3      | Reached XP level 5. HP: 35/36 MP: 3/8
  2860 | D:3      | Noticed Crazy Yiuf
  2974 | D:3      | Killed Crazy Yiuf
  3402 | D:4      | Noticed Natasha
  3475 | D:4      | Killed Natasha
  3475 | D:4      | Reached XP level 6. HP: 42/42 MP: 3/10
  3545 | D:4      | Noticed Natasha
  3550 | D:4      | Killed Natasha
  3567 | D:4      | Reached skill level 7 in Stealth
  3631 | D:4      | Noticed Natasha
  3642 | D:4      | Killed Natasha
  4294 | D:4      | Found an ancient bone altar of Kikubaaqudgha.
  4328 | D:4      | Reached XP level 7. HP: 47/47 MP: 2/12
  4378 | D:4      | Reached skill level 8 in Stealth
  4575 | D:4      | Found a glowing silver altar of Zin.
  4584 | D:4      | Reached skill level 1 in Fighting
  4894 | D:5      | Entered Level 5 of the Dungeon
  4897 | D:5      | Found Geirenex's Weapon Shoppe.
  5103 | D:5      | Reached skill level 9 in Stealth
  5217 | D:5      | Found a staircase to the Ecumenical Temple.
  5217 | D:5      | Noticed Grinder
  5227 | D:5      | Killed Grinder
  5227 | D:5      | Reached XP level 8. HP: 54/54 MP: 10/14
  5235 | Temple   | Entered the Ecumenical Temple
  5245 | Temple   | Became a worshipper of Hepliaklqana the Forgotten
  5442 | D:5      | Reached skill level 10 in Stealth
  6563 | D:6      | Reached skill level 5 in Spellcasting
  6578 | D:6      | Reached * piety under Hepliaklqana
  7089 | D:6      | Reached XP level 9. HP: 53/53 MP: 6/17
  7613 | D:7      | Reached skill level 11 in Stealth
  8098 | D:7      | Reached ** piety under Hepliaklqana
  8099 | D:7      | Remembered your ancestor Borbe as a hexer
  8320 | D:7      | Reached skill level 12 in Stealth
  8798 | D:8      | Noticed Grum
  8825 | D:8      | Killed Grum
  8825 | D:8      | Reached XP level 10. HP: 27/60 MP: 15/19
  8850 | D:8      | Learned a level 2 spell: Call Imp
  8878 | D:8      | Learned a level 7 spell: Ring of Flames
  8892 | D:8      | Found Nooriant's Gadget Boutique.
  8904 | D:8      | Reached skill level 13 in Stealth
  8974 | D:8      | Found a hide-covered altar of Uskayaw.
  8992 | D:8      | Reached skill level 10 in Hexes
  9041 | D:8      | Found a sacrificial altar of Ru.
  9042 | D:8      | Noticed Erica
  9055 | D:8      | Killed Erica
  9205 | D:8      | Reached skill level 1 in Shields
  9947 | D:9      | Reached skill level 5 in Short Blades
  9960 | D:9      | Reached skill level 5 in Ice Magic
 10155 | D:9      | Reached skill level 14 in Stealth
 10543 | D:9      | Found an iron altar of Okawaru.
 10623 | D:10     | Entered Level 10 of the Dungeon
 10931 | D:10     | Reached XP level 11. HP: 65/65 MP: 15/22
 10948 | D:10     | Reached *** piety under Hepliaklqana
 11086 | D:10     | Found a sacrificial altar of Ru.
 11552 | D:11     | Found a staircase to the Lair.
 11570 | D:11     | Reached skill level 1 in Summonings
 12080 | D:11     | Found a staircase to the Orcish Mines.
 12198 | D:11     | Reached skill level 1 in Charms
 12382 | D:11     | Noticed a hill giant
 12395 | D:11     | Killed a hill giant
 12395 | D:11     | Reached skill level 5 in Dodging
 12585 | D:11     | Reached skill level 15 in Stealth
 12596 | D:11     | Noticed an eight-headed hydra
 12751 | D:11     | Killed an eight-headed hydra
 12952 | D:11     | Noticed a hill giant
 12955 | D:11     | Killed a hill giant
 13008 | D:12     | Noticed a red ugly thing
 13110 | D:12     | Reached XP level 12. HP: 45/72 MP: 5/24
 13158 | D:12     | Reached skill level 1 in Fire Magic
 13251 | D:12     | Got a coiled bone ring
 14176 | D:12     | Identified the ring "Ofair" {rPois rF+++ Str-4 Int+4} (You found it on level 12 of the Dungeon)
 14220 | Lair:1   | Entered Level 1 of the Lair of Beasts
 14503 | Lair:1   | Noticed a five-headed hydra
 14519 | Lair:1   | Killed a five-headed hydra
 14667 | Lair:1   | Reached **** piety under Hepliaklqana
 14798 | Lair:1   | Reached skill level 5 in Charms
 15206 | Lair:2   | Reached skill level 16 in Stealth
 15270 | Lair:2   | Found a staircase to the Shoals.
 15635 | Lair:2   | Noticed an eight-headed hydra
 15652 | Lair:2   | Killed an eight-headed hydra
 15652 | Lair:2   | Reached skill level 1 in Invocations
 16609 | Lair:3   | Noticed a four-headed hydra
 16610 | Lair:3   | Reached ***** piety under Hepliaklqana
 16616 | Lair:3   | Killed a four-headed hydra
 16629 | Lair:3   | Reached XP level 13. HP: 77/77 MP: 26/26
 17997 | Lair:4   | Found a hole to the Spider Nest.
 18305 | Lair:4   | Gained mutation: Your muscles are strong. (Str +2) [potion of beneficial mutation]
 18385 | Lair:4   | Reached skill level 5 in Summonings
 19248 | Lair:5   | Reached ****** piety under Hepliaklqana
 19306 | Lair:5   | Learned a level 5 spell: Metabolic Englaciation
 19377 | Lair:5   | Reached skill level 17 in Stealth
 20189 | Orc:1    | Entered Level 1 of the Orcish Mines
 20202 | Orc:1    | Reached skill level 10 in Spellcasting
 20404 | Orc:2    | Entered Level 2 of the Orcish Mines
 20991 | D:13     | Paralysed by a hornet for 1 turns
 21018 | D:13     | Reached XP level 14. HP: 44/83 MP: 12/28
 21139 | D:13     | Noticed Rupert
 21145 | D:13     | Killed Rupert
 21145 | D:13     | Reached skill level 5 in Fire Magic
 21765 | D:14     | Noticed dobroeutro's ghost (journeyman DsBe)
 22348 | Lair:5   | HP: 2/84 [death yak (26)]
 23570 | Lair:6   | Entered Level 6 of the Lair of Beasts
 23675 | Lair:6   | Reached skill level 10 in Charms
 23675 | Lair:6   | Reached XP level 15. HP: 83/90 MP: 29/29
 23808 | Lair:6   | Reached skill level 18 in Stealth
 24336 | Lair:6   | Found a burning altar of Makhleb.
 26104 | Lair:5   | HP: 4/90 [poisoned by a spiny frog]
 26110 | Lair:4   | HP: 3/90 [poisoned by a spiny frog]
 26114 | Lair:4   | HP: 1/90 [poisoned by a spiny frog]
 26119 | Lair:4   | Succumbed to a spiny frog's poison

Skill      XL: |  1  2  3  4  5  6  7  8  9 10 11 12 13 14 15 |
---------------+----------------------------------------------+-----
Hexes          | 5 6 7 8 9 11 12 13 14 | 14.7
Stealth        | 5 6 7 9 10 12 14 15 16 17 18 | 18.2
Ice Magic      | 1 2 3 4 5 6 7 |  7.1
Short Blades   | 2 3 4 5 6 7 |  7.2
Spellcasting   | 3 4 5 6 7 8 9 10 | 10.6
Dodging        | 3 4 5 6 |  6.7
Fighting       | 1 2 3 4 |  4.1
Shields        | 1 |  1.0
Summonings     | 2 4 5 6 |  6.0
Charms         | 4 5 7 10 | 10.9
Fire Magic     | 3 4 5 6 |  6.1
Invocations    | 2 3 |  3.0

Action                   |  1- 3 |  4- 6 |  7- 9 | 10-12 | 13-15 || total
-------------------------+-------+-------+-------+-------+-------++-------
Melee: Dagger            |    90 |   181 |   171 |   476 |   428 ||  1346
       Bite              |     3 |    15 |     3 |    38 |    26 ||    85
       Unarmed           |       |     1 |       |       |     2 ||     3
 Cast: Corona            |     8 |     5 |       |       |       ||    13
       Ensorcelled Hiber |    24 |    44 |    60 |   104 |   161 ||   393
       Confuse           |       |    13 |    30 |    72 |    76 ||   191
       Call Imp          |       |       |       |    11 |       ||    11
Invok: Ancestor Identity |       |       |     1 |       |       ||     1
       Recall Ancestor   |       |       |     1 |       |     1 ||     2
       Ancestor Life: He |       |       |     1 |       |       ||     1
       Idealise          |       |       |       |       |     1 ||     1
 Abil: Bat Form          |       |     2 |     1 |     3 |     5 ||    11
       End Transformatio |       |     2 |     1 |     3 |     4 ||    10
  Use: Scroll            |     6 |     4 |     7 |     7 |    15 ||    39
       Potion            |     1 |     1 |     1 |     4 |    20 ||    27
 Stab: Sleeping          |    26 |    32 |    60 |    79 |   128 ||   325
       Confused          |       |     9 |    11 |    39 |    38 ||    97
       Distracted        |       |       |     3 |       |     8 ||    11
       Invisible         |       |       |       |     1 |       ||     1
  Eat: Corpse            |       |     1 |     1 |     8 |     3 ||    13
Armor: Robe              |    47 |    81 |    41 |    87 |    92 ||   348
Dodge: Dodged            |    62 |   106 |   108 |   254 |   303 ||   833
Block: Buckler           |       |     3 |     6 |     7 |       ||    16
